 Dungeon Crawl Stone Soup version 0.26-a0-504-g0cf647090d (webtiles) character file.

Game seed: 8190173230529592404

40570 Stryldvaidir the Geomancer (level 14, -24/75 HPs)
             Began as a Gargoyle Earth Elementalist on Aug 8, 2020.
             Was a High Priest of Vehumet.
             Annihilated by an earth elemental (32 damage)
             ... summoned by a deep elf mage
             ... on level 14 of the Dungeon.
             The game lasted 00:49:49 (20472 turns).

Stryldvaidir the Geomancer (GrEE)                  Turns: 20472, Time: 00:49:51

Health: -24/75     AC: 17    Str: 13    XL:     14   Next: 11%
Magic:  2/36       EV: 15    Int: 22    God:    Vehumet [*****.]
Gold:   1080       SH:  5    Dex: 10    Spells: 14/31 levels left

rFire    + + +     SeeInvis +   m - +3 rapier "Lushy" {venom, rC+}
rCold    + . .     Faith    .   (no shield)
rNeg     + . .     Spirit   .   F - +2 robe of an ice cave {rF++ Int+2}
rPois    ∞         Reflect  +   G - +0 hat {SInv}
rElec    +         Harm     .   (no cloak)
rCorr    .                      j - +1 pair of gloves
MR       +....                  E - +0 pair of boots
Stlth    ++........             h - amulet of reflection
HPRegen  0.22/turn              u - ring of protection from fire
MPRegen  0.25/turn              v - ring of magical power

@: no status effects
A: big wings, deformed body, frail 1, negative energy resistance 1, electricity
resistance, unbreathing, petrification resistance, rot immunity, MP-powered
wands, AC +10
a: Fly, Renounce Religion


You were on level 14 of the Dungeon.
You worshipped Vehumet.
Vehumet was extremely pleased with you.
You visited 2 branches of the dungeon, and saw 15 of its levels.

You collected 1080 gold pieces.

Inventory:

Hand Weapons
 d - a +2 vorpal dire flail
 k - a +6 demon trident
 m - the +3 rapier "Lushy" (weapon) {venom, rC+}
   (You found it on level 5 of the Dungeon)

   It poisons the flesh of those it strikes.
   It protects you from cold.
 A - a +0 morningstar
 H - a +3 dire flail
Missiles
 a - 2 boomerangs of dispersal
 b - 88 stones (quivered)
 i - 2 throwing nets
Armour
 j - a +1 pair of gloves (worn)
 y - +2 steam dragon scales
 E - a +0 pair of boots (worn)
 F - the +2 robe of an ice cave (worn) {rF++ Int+2}
   (You found it on level 7 of the Dungeon)

   It affects your intelligence (+2).
   It greatly protects you from fire.
 G - a +0 hat of see invisible (worn)
Jewellery
 h - an amulet of reflection (around neck)
 s - an uncursed ring of ice
 u - a ring of protection from fire (left hand)
 v - a ring of magical power (right hand)
Wands
 n - a wand of random effects (17)
 q - a wand of disintegration (21)
 t - a wand of paralysis (19)
 w - a wand of flame (57)
 x - a wand of polymorph (4)
 M - a wand of acid (6)
 N - a wand of digging (4)
 O - a wand of iceblast (16)
Scrolls
 e - 3 scrolls of fear
 f - 2 scrolls of magic mapping
 l - 2 scrolls of blinking
 o - 4 scrolls of amnesia
 r - a scroll of immolation
 z - 4 scrolls of remove curse
 B - a scroll of torment
 K - 4 scrolls of identify
Potions
 c - a potion of magic
 g - a potion of lignification
 p - 2 potions of stabbing
 C - 3 potions of cancellation
 D - 2 potions of curing
 I - a potion of haste
 J - a potion of ambrosia
 L - a potion of heal wounds
 P - 2 potions of brilliance
Miscellaneous
 Q - a condenser vane (4/4)


   Skills:
 + Level 8.9 Fighting
 + Level 7.9 Maces & Flails
 - Level 6.0 Armour
 + Level 6.9 Dodging
 - Level 2.1 Stealth
 + Level 9.1 Spellcasting
 + Level 10.1 Conjurations
   Level 0.7 Transmutations
 * Level 7.3 Fire Magic
 + Level 11.9 Earth Magic
 - Level 6.0 Evocations


You had 14 spell levels left.
You knew the following spells:

 Your Spells              Type           Power        Failure   Level
a - Sandblast             Erth           ######       1%          1
b - Stone Arrow           Conj/Erth      ######       1%          3
c - Lee's Rapid Deconstr  Erth           ######....   1%          5
d - Dazzling Flash        Conj/Hex       ####..       1%          3
e - Bolt of Magma         Conj/Fire/Erth ######....   1%          5

Your spell library contained the following spells:

 Spells                   Type           Power        Failure   Level
 Iskenderun's Battlesphe  Conj           ######..     1%          5
 Magic Dart               Conj           ####         1%          1
 Passwall                 Tmut/Erth      #####...     1%          2
 Conjure Flame            Conj/Fire      #####...     1%          3
 Mephitic Cloud           Conj/Pois/Air  ###.....     1%          3
 Petrify                  Tmut/Erth      #####...     4%          4
 Animate Skeleton         Necr           ##....       7%          1
 Corona                   Hex            ##.....      7%          1
 Pain                     Necr           ##..         7%          1
 Blink                    Tloc           N/A          10%         2
 Call Imp                 Summ           ##......     10%         2
 Ensorcelled Hibernation  Hex/Ice        ##....       10%         2
 Poisonous Vapours        Pois/Air       ##....       10%         2
 Slow                     Hex            ##......     10%         2
 Confusing Touch          Hex            ##......     21%         3
 Tukima's Dance           Hex            ##......     21%         3
 Vampiric Draining        Necr           ##........   21%         3
 Freezing Cloud           Conj/Ice/Air   ###.......   50%         6
 Animate Dead             Necr           ##........   54%         4
 Agony                    Necr           ##......     88%         5


Dungeon Overview and Level Annotations

Branches:
Dungeon (14/15)            Temple (1/1) D:5            Lair (0/6) D:9
    Orc (0/2) D:11
 Vaults: D:13-14

Altars:
Ashenzari
Elyvilon
Gozag
Hepliaklqana
Kikubaaqudgha
Nemelex Xobeh
Okawaru
Qazlal
Ru
Vehumet
Yredelemnul
Zin
The Shining One
Beogh

Shops:
D:4 (}}[   D:8 }=   D:9 [   D:12 *

Annotations:
D:5 3 runed translucent doors, chipmonk's ghost, novice GrEE
D:6 1 runed translucent door, Nr616's ghost, novice TrHu


Innate Abilities, Weirdness & Mutations

You are resistant to torment.
Your stone body is resilient. (AC +10)
You are immune to poison.
Your large and strong wings let you fly indefinitely.
You resist negative energy. (rN+)
You are resistant to electric shocks. (rElec)
You can survive without breathing.
You are immune to petrification.
You are immune to rotting.
Armour fits poorly on your strangely shaped body.
You are frail. (-10% HP)
You expend magic power (3 MP) to strengthen your wands.


Message History

The deep elf mage barely misses you. The earth elemental hits you!
You hit the deep elf mage.
The deep elf mage is poisoned.
The deep elf mage is heavily wounded.
The deep elf mage points at you and mumbles some strange words.
The bolt of magma misses you.
The bolt of magma hits the earth elemental!
The earth elemental partially resists.
The earth elemental closely misses you. The earth elemental hits you!!
* * * LOW HITPOINT WARNING * * *
The earth elemental closely misses you.
Unknown command.
Casting: Lee's Rapid Deconstruction (dangerous; 1% risk of failure)
Confirm with . or Enter, or press ? or * to list all spells.
Aiming: Bolt of Magma (dangerous; 1% risk of failure)
Press: ? - help, Shift-Dir - straight line, f - deep elf mage
Aim: a deep elf mage, wielding a +0 short sword and wearing a +0 leather armour (heavily wounded, very poisoned)
The bolt of magma misses the deep elf mage.
The deep elf mage gestures wildly while chanting.
The deep elf mage blinks!
The earth elemental hits you!!
You die...

.(# #...........#
#.#
#...........####
#.#
#...............
#.#
#.............#
#.#
#.............#
#.#
#.............#
#.#
#.............#
#.#
#..........e..#
#.#
#..........@..# #
#.........EEE.#
##
#.............#
.#
#.............###
.#
#....########(..#
.# #.... #...# .#
#....########[..#
.# ..
......[....# .#
...........#


You could see 3 earth elementals and a deep elf mage (very poisoned).

Vanquished Creatures
  Gastronok (D:7)
  Azrael (D:14)
  Snorg (D:11)
  2 hydras (D:12)
  Erolcha (D:13)
  2 centaur warriors
  3 two-headed ogres
  A dancing weapon (D:12)
  Urug (D:11)
  3 tengu warriors
  An iron troll (D:10)
  An unseen horror (D:12)
  A wizard (D:11)
  A deep troll (D:10)
  2 deep elf magi (D:14)
  5 cyclopes
  A wolf spider (D:11)
  2 ugly things
  4 manticores
  Maggie (D:6)
  2 gargoyles
  A yaktaur (D:14)
  An efreet (D:12)
  2 tengu conjurers
  14 trolls
  3 meliai (D:13)
  5 slime creatures (D:13)
  3 hornets (D:10)
  A meliai zombie (D:14)
  5 hippogriffs
  A vampire (D:14)
  2 shadows
  2 water elementals (D:13)
  4 fire elementals (D:14)
  13 yaks
  4 wraiths
  A basilisk (D:12)
  Eustachio (D:4)
  Menkaure (D:5)
  3 vampire mosquitoes (D:14)
  Edmund (D:5)
  A soldier ant (D:10)
  Duvessa (D:4)
  A water moccasin (D:7)
  3 hell hounds (D:14)
  7 orc warriors
  3 ice beasts
  2 hornet zombies
  3 sky beasts
  5 phantoms
  2 black bears
  An eye of draining (D:11)
  8 ogres
  3 centaurs
  3 big kobolds
  Blork the orc (D:5)
  7 bullfrogs
  A wyvern zombie (D:12)
  Dowan (D:4)
  2 wyvern skeletons
  7 scorpions
  15 killer bees
  21 wights
  4 electric eels
  3 howler monkeys
  3 centaur zombies
  2 quasits
  6 bullfrog skeletons
  6 hounds
  A jelly (D:9)
  12 orc priests
  A centaur skeleton (D:12)
  14 orc wizards
  A gnoll shaman (D:3)
  Ijyb (D:5)
  3 iguanas
  7 worker ants
  A hound zombie (D:7)
  6 gnolls
  21 adders
  2 shadow imps (D:9)
  A white imp (D:9)
  An ufetubus (D:7)
  An ooze (D:3)
  2 adder zombies (D:5)
  An adder skeleton (D:6)
  5 worms
  2 dart slugs (D:1)
  5 leopard geckos
  87 orcs
  4 bats
  3 giant cockroaches
  8 goblins
  15 hobgoblins
  7 jackals
  9 quokkas
  3 ball pythons
  A ball python skeleton (D:4)
  6 frilled lizards
  24 kobolds
  A leopard gecko skeleton (D:4)
  4 rats
487 creatures vanquished.

Vanquished Creatures (others)
  A deep elf knight (D:14)
1 creature vanquished.

Grand Total: 488 creatures vanquished

Notes
Turn   | Place    | Note
-------+----------+-------------------------------------------
     0 | D:1      | Stryldvaidir the Gargoyle Earth Elementalist began the
                  | quest for the Orb.
     0 | D:1      | Reached XP level 1. HP: 10/10 MP: 3/3
   259 | D:1      | Reached XP level 2. HP: 8/15 MP: 3/5
   264 | D:1      | Reached skill level 4 in Earth Magic
  1164 | D:2      | Reached XP level 3. HP: 19/19 MP: 3/6
  1169 | D:2      | Learned a level 3 spell: Stone Arrow
  1458 | D:2      | Reached skill level 1 in Conjurations
  1458 | D:2      | Reached XP level 4. HP: 15/24 MP: 8/8
  2283 | D:3      | Reached skill level 5 in Earth Magic
  2334 | D:3      | Reached XP level 5. HP: 8/28 MP: 7/10
  3039 | D:3      | Reached XP level 6. HP: 30/32 MP: 11/11
  3197 | D:4      | Noticed a phantom
  3197 | D:4      | Noticed a phantom
  3328 | D:4      | Killed a phantom
  3335 | D:4      | Killed a phantom
  3335 | D:4      | Reached skill level 6 in Earth Magic
  3481 | D:4      | Noticed Eustachio
  3584 | D:4      | Reached XP level 7. HP: 36/36 MP: 13/13
  3648 | D:3      | Learned a level 5 spell: Lee's Rapid Deconstruction
  3788 | D:4      | Noticed Duvessa
  3788 | D:4      | Noticed Dowan
  3798 | D:4      | Killed Duvessa
  3800 | D:4      | Killed Dowan
  3890 | D:4      | Found Tisian's Antique Armour Shoppe.
  4053 | D:4      | Found Telien's Gadget Emporium.
  4363 | D:4      | Found Secuimp's Antique Weapon Emporium.
  4394 | D:4      | Killed Eustachio
  4394 | D:4      | Reached skill level 5 in Spellcasting
  4394 | D:4      | Reached skill level 5 in Conjurations
  4394 | D:4      | Reached skill level 7 in Earth Magic
  4394 | D:4      | Reached XP level 8. HP: 30/41 MP: 2/15
  4542 | D:4      | Found Firghuaf's Gadget Emporium.
  4636 | D:5      | Entered Level 5 of the Dungeon
  4801 | D:5      | Noticed Edmund
  4813 | D:5      | Killed Edmund
  4938 | D:5      | Noticed Blork the orc
  4970 | D:5      | Reached skill level 1 in Fighting
  4970 | D:5      | Reached skill level 1 in Armour
  4971 | D:5      | Killed Blork the orc
  4971 | D:5      | Reached skill level 1 in Maces & Flails
  5137 | D:5      | Found a runed translucent gate.
  5137 | D:5      | Found a runed translucent gate.
  5137 | D:5      | Found a runed translucent gate.
  5142 | D:5      | Noticed chipmonk's ghost (novice GrEE)
  5145 | D:5      | Got a crystal rapier
  5146 | D:5      | Identified the +3 rapier "Lushy" {venom, rC+} (You found it
                  | on level 5 of the Dungeon)
  5147 | D:5      | Identified the +5 spear of Terror {speed, rF+ rN+}
  5147 | D:5      | Identified the +4 ring mail of Meng {*Drain Dex+5 SInv
                  | Stlth+}
  5148 | D:5      | Identified the +3 great sword "Jaqi Own" {drain, rF+ MP+9}
  5148 | D:5      | Identified the +4 plate armour of the Blessed Realm {rC+
                  | rN+}
  5168 | D:5      | Noticed Menkaure
  5173 | D:5      | Killed Menkaure
  5173 | D:5      | Reached skill level 1 in Evocations
  5288 | D:5      | Found a staircase to the Ecumenical Temple.
  5296 | Temple   | Entered the Ecumenical Temple
  5350 | Temple   | Became a worshipper of Vehumet
  6133 | D:5      | Noticed Ijyb
  6141 | D:5      | Killed Ijyb
  6347 | D:5      | Found a roughly hewn altar of Beogh.
  6425 | D:6      | Reached XP level 9. HP: 48/48 MP: 10/17
  6735 | D:6      | Learned a level 3 spell: Dazzling Flash
  6738 | D:6      | Found a runed translucent door.
  6738 | D:6      | Noticed Nr616's ghost (novice TrHu)
  6755 | D:6      | Noticed Maggie
  6759 | D:6      | Killed Maggie
  6759 | D:6      | Reached skill level 8 in Earth Magic
  7361 | D:7      | Reached * piety under Vehumet
  7361 | D:7      | Offered knowledge of Shock by Vehumet.
  8656 | D:7      | Reached ** piety under Vehumet
  8656 | D:7      | Offered knowledge of Freeze by Vehumet.
  8712 | D:7      | Got a shimmering robe
  8713 | D:7      | Identified the +2 robe of an ice cave {rF++ Int+2} (You
                  | found it on level 7 of the Dungeon)
  8851 | D:8      | Found Xoimp's Jewellery Emporium.
  8967 | D:8      | Noticed Gastronok
  8980 | D:8      | Found Verizon's Gadget Boutique.
  9019 | D:7      | Killed Gastronok
  9019 | D:7      | Reached skill level 9 in Earth Magic
  9019 | D:7      | Reached XP level 10. HP: 29/57 MP: 10/19
  9479 | D:8      | Found a white marble altar of Elyvilon.
  9479 | D:8      | Found an ancient bone altar of Kikubaaqudgha.
  9553 | D:8      | Identified the +1 robe of Jyukot {rElec Regen+ Int-5}
  9773 | D:9      | Offered knowledge of Frozen Ramparts by Vehumet.
  9861 | D:9      | Found Hutyfeik's Antique Armour Shoppe.
  9912 | D:9      | Found a staircase to the Lair.
 10115 | D:10     | Entered Level 10 of the Dungeon
 10120 | D:10     | Reached *** piety under Vehumet
 10338 | D:10     | Got an ichor-stained robe
 10339 | D:10     | Identified the +2 robe of the Salmon {+Blink Str+6 Dex-5}
                  | (You found it on level 10 of the Dungeon)
 10394 | D:10     | Noticed a centaur warrior
 10407 | D:10     | Killed a centaur warrior
 10407 | D:10     | Reached skill level 5 in Fighting
 10407 | D:10     | Reached skill level 5 in Armour
 10407 | D:10     | Reached XP level 11. HP: 44/63 MP: 21/21
 10566 | D:10     | Offered knowledge of Hailstorm by Vehumet.
 10875 | D:10     | Noticed a deep troll
 10880 | D:10     | Reached skill level 5 in Maces & Flails
 10898 | D:10     | Killed a deep troll
 11198 | D:10     | Noticed an iron troll
 11221 | D:10     | Reached skill level 10 in Earth Magic
 11222 | D:10     | Reached skill level 5 in Evocations
 11330 | D:10     | Killed an iron troll
 11330 | D:10     | Reached skill level 5 in Dodging
 11835 | D:10     | Reached **** piety under Vehumet
 12241 | D:11     | Noticed a wolf spider
 12242 | D:11     | Noticed a wizard
 12259 | D:10     | Reached XP level 12. HP: 17/70 MP: 23/23
 12572 | D:11     | Noticed Urug
 12594 | D:11     | Killed Urug
 12688 | D:11     | Paralysed by a wizard for 6 turns
 12697 | D:11     | Offered knowledge of Bolt of Magma by Vehumet.
 12704 | D:11     | Learned a level 5 spell: Bolt of Magma
 13101 | D:11     | Found a staircase to the Orcish Mines.
 13116 | D:11     | Reached skill level 1 in Fire Magic
 13500 | D:11     | Reached ***** piety under Vehumet
 13544 | D:11     | Offered knowledge of Airstrike by Vehumet.
 14164 | D:11     | Noticed a two-headed ogre
 14168 | D:11     | Killed a two-headed ogre
 14833 | D:11     | Noticed Snorg
 14839 | D:11     | Killed Snorg
 15001 | D:12     | Noticed a two-headed ogre
 15071 | D:12     | Killed a two-headed ogre
 15442 | D:12     | Found Wicremp's General Store.
 15456 | D:12     | Reached skill level 11 in Earth Magic
 15481 | D:12     | Got a dazzling quarterstaff
 15482 | D:12     | Identified the cursed +1 quarterstaff "Killer Bee's Regret"
                  | {vorpal, Str+3} (You found it on level 12 of the Dungeon)
 15794 | D:12     | Noticed a centaur warrior
 15794 | D:12     | Noticed an eight-headed hydra
 15796 | D:12     | Reached XP level 13. HP: 76/76 MP: 23/25
 15820 | D:12     | Reached skill level 5 in Fire Magic
 17288 | D:13     | Gained mutation: Armour fits poorly on your strangely
                  | shaped body. [potion of mutation]
 17288 | D:13     | Gained mutation: You are frail. (-10% HP) [potion of
                  | mutation]
 17288 | D:13     | Gained mutation: You expend magic power (3 MP) to
                  | strengthen your wands. [potion of mutation]
 17982 | D:13     | Noticed Erolcha
 18175 | D:13     | Killed Erolcha
 18596 | D:13     | Offered knowledge of Iskenderun's Battlesphere by Vehumet.
 20057 | D:14     | Reached skill level 10 in Conjurations
 20288 | D:14     | Gained mutation: Your large and strong wings let you fly
                  | indefinitely. [Gargoyle growth]
 20288 | D:14     | Reached XP level 14. HP: 65/75 MP: 11/27
 20440 | D:14     | Noticed Azrael
 20447 | D:14     | Killed Azrael
 20472 | D:14     | Annihilated by an earth elemental

Illustrated notes

Levels and vault maps discovered:
D:1:      ncdulo_wetmaze, layout_basic, chequers_arboretum
D:2:      layout_loops_cross
D:3:      layout_rooms
D:4:      layout_loops_ring, serial_shops, nicolae_shop_behind_doors,
          kennysheep_little_box, nicolae_shop_temple_entry_statues_fountains,
          nicolae_shop_waterfront, uniq_duvessa, uniq_eustachio
D:5:      wander_river, layout_gridville, minmay_temple_entry_junction,
          biasface_ghost_orc_armoury, minmay_misc_feat_tiny, minmay_hedge_maze,
          uniq_menkaure, uniq_ijyb, uniq_blork_the_orc, uniq_edmund
D:6:      layout_rooms, ebering_ghost_reflecting_pool, nrook_loot_triangle,
          uniq_maggie
D:7:      corexii_shantytown, layout_layer_cave
D:8:      layout_cave_pools, gammafunk_temple_overflow_statue, serial_shops,
          shop_statue, shop_statue, uniq_gastronok
D:9:      layout_big_octagon, serial_shops, nicolae_shop_waterfront
D:10:     lemuel_troll_bridge, layout_irregular_city
D:11:     cheibrodos_fzero, layout_long_grid, hiddenorc2_lemuel, uniq_urug,
          uniq_snorg
D:12:     evilmike_horseshoe, layout_rooms, serial_shops, shop
D:13:     layout_basic, uniq_erolcha
D:14:     kennysheep_spiral_hall, layout_small_grid,
          hangedman_vaults_entry_quadrant_bands, uniq_azrael
Temple:   regret_index_temple_chain_breaker

Skill      XL: |  1  2  3  4  5  6  7  8  9 10 11 12 13 |
---------------+----------------------------------------+-----
Earth Magic    | 4 5 6 7 9 10 11 | 11.9
Conjurations   | 1 2 3 5 6 7 8 9 10 | 10.1
Spellcasting   | 3 4 5 6 7 8 9 |  9.1
Fighting       | 2 4 5 6 7 8 |  8.9
Armour         | 2 4 5 6 |  6.0
Maces & Flails | 1 3 4 5 6 7 |  7.9
Dodging        | 2 3 4 5 6 |  6.9
Evocations     | 1 3 4 5 6 |  6.0
Fire Magic     | 4 7 |  7.3
Stealth        | |  2.1
Transmutations | |  0.7

Action                   |  1- 3 |  4- 6 |  7- 9 | 10-12 | 13-15 || total
-------------------------+-------+-------+-------+-------+-------++-------
Melee: Spear             |    38 |       |       |       |       ||    38
       Unarmed           |     1 |       |       |       |       ||     1
       Mace              |    44 |   164 |    54 |       |       ||   262
       Dire flail        |       |       |   102 |       |       ||   102
       Rapier            |       |       |   131 |   422 |   173 ||   726
 Cast: Sandblast         |    12 |    58 |    69 |    43 |    54 ||   236
       Stone Arrow       |       |       |    18 |    46 |    19 ||    83
       Lee's Rapid Decon |       |       |     6 |    73 |    64 ||   143
       Dazzling Flash    |       |       |       |     1 |       ||     1
       Bolt of Magma     |       |       |       |       |     1 ||     1
Evoke: Wand              |       |       |    11 |     3 |    12 ||    26
       Condenser vane    |       |       |       |       |     1 ||     1
  Use: Scroll            |     7 |     2 |     9 |     9 |     9 ||    36
       Potion            |       |     2 |     8 |     7 |     1 ||    18
 Stab: Sleeping          |     3 |     1 |     4 |     3 |     1 ||    12
       Distracted        |       |       |       |     1 |       ||     1
       Confused          |       |       |       |       |     1 ||     1
Armor: Robe              |    23 |    71 |   100 |   241 |   116 ||   551
       Skin              |       |    13 |       |       |       ||    13
       Steam dragon scal |       |       |    75 |       |       ||    75
Dodge: Dodged            |    45 |   140 |   284 |   411 |   188 ||  1068
Block: Other             |    14 |    60 |   104 |   127 |    81 ||   386
       Reflection        |       |       |     7 |     9 |     1 ||    17

Table legend: (Time is in decaauts)
 A = Elapsed time spent in this place.
 B = Non-inter-level travel time spent in this place.
 C = Inter-level travel time spent in this place.
 D = Time resting spent in this place.
 E = Time spent auto-exploring this place.
 F = Levels seen in this place.
 G = Mean time per level.
                   A        B        C        D        E       F      G
               +--------+--------+--------+--------+--------+-----+--------+
         Total |  20848 |  20326 |    522 |   4617 |  11323 |  15 | 1389.9 |
       Dungeon |  20778 |  20278 |    500 |   4617 |  11277 |  14 | 1484.1 |
        Temple |     69 |     47 |     22 |      0 |     46 |   1 |   69.0 |
               +--------+--------+--------+--------+--------+-----+--------+

Top non-repeatable levels by time:
    D:10: 2693 daAuts
    D:13: 2280 daAuts
    D:11: 2261 daAuts
     D:7: 1826 daAuts
     D:5: 1771 daAuts
    D:12: 1759 daAuts
    D:14: 1477 daAuts
     D:4: 1333 daAuts
     D:3: 1213 daAuts
     D:2: 1151 daAuts
     D:1: 1044 daAuts
     D:6: 809 daAuts
     D:8: 623 daAuts
     D:9: 532 daAuts
  Temple: 69 daAuts
